 Dungeon Crawl Stone Soup version 0.26.1-11-gd32895ea62 (webtiles) character file.

Game seed: 13831462552574653808

168 Fractals the Sneak (level 5, 0/41 HPs)
             Began as a Demonspawn Brigand on May 30, 2021.
             Was a Plaything of Xom.
             Succumbed to a worker ant's poison
             ... on level 3 of the Dungeon.
             The game lasted 00:19:50 (3941 turns).

Fractals the Sneak (Demonspawn Brigand)             Turns: 3941, Time: 00:19:50

Health: 0/41       AC:  6    Str: 13    XL:     5   Next: 24%
Magic:  5/5        EV: 12    Int: 12    God:    Xom [......]
Gold:   113        SH:  0    Dex: 12    Spells: 4/4 levels left

rFire    . . .     SeeInvis .   a - +2 dagger
rCold    + . .     Faith    .   (no shield)
rNeg     . . .     Spirit   .   h - +0 leather armour
rPois    .         Reflect  .   j - +2 hat
rElec    .         Harm     .   c - +0 cloak
rCorr    .         Rampage  .   (no gloves)
Will     .....                  (no boots)
Stlth    ++........             (no amulet)
HPRegen  0.13/turn              g - ring of flight
MPRegen  0.09/turn              (no ring)

@: lethally poisoned (0 -> -25)
A: antennae 2, clumsy 1, cold resistance 1, powered by pain 1
a: Renounce Religion, Evoke Flight


You were on level 3 of the Dungeon.
You worshipped Xom.
You were a very special plaything of Xom.
You visited 1 branch of the dungeon, and saw 3 of its levels.

You collected 113 gold pieces.

Inventory:

Hand Weapons
 a - a +2 dagger (weapon)
Missiles
 b - 16 bolts
 d - 20 poisoned darts (quivered)
 e - 90 stones
 f - 2 curare-tipped darts
Armour
 c - a +0 cloak (worn)
 h - a +0 leather armour (worn)
 j - a +2 hat (worn)
 k - a +0 chain mail
Jewellery
 g - a ring of flight (left hand)
Scrolls
 i - 2 scrolls of remove curse
Potions
 l - a potion of heal wounds {unknown}


   Skills:
 + Level 3.5 Fighting
 - Level 1.7 Short Blades
 - Level 2.5 Throwing
 + Level 0.1 Armour
 - Level 3.0 Dodging
 - Level 4.0 Stealth


You had 4 spell levels left.
You didn't know any spells.
Your spell library was empty.

Dungeon Overview and Level Annotations

Branches:
Dungeon (3/15)

Altars:
Ashenzari
Dithmenos
Gozag
Uskayaw
Vehumet
Xom

Portals:
Abyss: D:3

Annotations:
D:3 2 transporters, 1 runed translucent door, Crazy Yiuf; mankey1987's ghost, amateur OgBe


Innate Abilities, Weirdness & Mutations

You have a pair of antennae on your head.
Your flesh is cold resistant. (rC+)
You sometimes gain a little power by taking damage.
You are clumsy. (Dex -2)


Message History

* * * LOW HITPOINT WARNING * * *
You are more poisoned.
Something poisons you!
You hit something.
You feel sick. Something bites you.
* * * LOW HITPOINT WARNING * * *
You are more poisoned.
Something poisons you!
You hit something but do no damage.
* * * LOW HITPOINT WARNING * * *
You feel sick. Something bites you.
* * * LOW HITPOINT WARNING * * *
You closely miss something.
* * * LOW HITPOINT WARNING * * *
You feel sick. Something bites you.
* * * LOW HITPOINT WARNING * * *
You are more poisoned.
Something poisons you! Something bites you.
* * * LOW HITPOINT WARNING * * *
You die...
Xom giggles madly!

...©.......>....#.#.#..#......#..
###.#...........#.#.####..#####..
###'#...........#.#.# #..# #..
................#.#.# #..# #..
................#.#.# #..# #..
...B............[.#.# #..# #..
#####...........###.# #..# #..
.......####.....###.# #..#######
#######.......{.@...# #.#.......
.....)......######### #.#.######
######.......# #.#.#
.....#.......####### #.#.#
#.#...........# #.#.#
.......#...........# #†#.#
##<....##..........#####.#.#
.....##..........'.....#.#
.....##.........)#######.######


There were no monsters in sight!

Vanquished Creatures
  An orc wizard (D:2)
  7 adders
  An ooze (D:1)
  A worm (D:2)
  5 dart slugs
  4 leopard geckos
  2 orcs (D:3)
  2 giant cockroaches (D:3)
  5 goblins
  5 hobgoblins
  4 jackals (D:3)
  2 quokkas (D:2)
  4 bats
  3 frilled lizards
  9 kobolds
  9 rats
64 creatures vanquished.

Vanquished Creatures (others)
  2 fungi (D:3)
2 creatures vanquished.

Grand Total: 66 creatures vanquished

Notes
Turn   | Place    | Note
-------+----------+-------------------------------------------
     0 | D:1      | Fractals the Demonspawn Brigand began the quest for the
                  | Orb.
     0 | D:1      | Reached XP level 1. HP: 16/16 MP: 1/1
   316 | D:1      | Gained mutation: You have a pair of small antennae on your
                  | head. [demonic ancestry]
   316 | D:1      | Reached XP level 2. HP: 23/23 MP: 2/2
   394 | D:1      | Reached skill level 4 in Stealth
   506 | D:1      | Reached skill level 1 in Dodging
   582 | D:1      | Gained mutation: You sometimes gain a little power by
                  | taking damage. [demonic ancestry]
   582 | D:1      | Reached XP level 3. HP: 29/29 MP: 3/3
  1651 | D:2      | Found a shadowy altar of Dithmenos.
  1712 | D:2      | Gained mutation: You have a pair of antennae on your head.
                  | [demonic ancestry]
  1712 | D:2      | Reached XP level 4. HP: 13/35 MP: 4/4
  2132 | D:2      | Found a shimmering altar of Xom.
  2134 | D:2      | Found a hide-covered altar of Uskayaw.
  2134 | D:2      | Found a broken altar of Ashenzari.
  2148 | D:2      | Became a worshipper of Xom of Bone-Dry Humour
  2920 | D:3      | Found a transporter.
  2941 | D:3      | Found a transporter.
  3015 | D:3      | Noticed mankey1987's ghost (amateur OgBe)
  3016 | D:3      | Found a one-way gate to the infinite horrors of the Abyss.
  3097 | D:3      | Found an opulent altar of Gozag.
  3133 | D:3      | XOM: cloud trail
  3169 | D:3      | XOM is BORED!
  3185 | D:3      | XOM: noise
  3200 | D:3      | XOM: polymorph hobgoblin -> worker ant
  3280 | D:3      | XOM: stat loss: -1 Int (11/12)
  3291 | D:3      | XOM: 2-stop teleportation journey
  3306 | D:3      | Found a runed translucent door.
  3307 | D:3      | Noticed Crazy Yiuf
  3308 | D:3      | XOM: 4-stop teleportation journey
  3346 | D:3      | XOM: give mutation
  3346 | D:3      | Gained mutation: You are clumsy. (Dex -2) [Xom's mischief]
  3628 | D:3      | Gained mutation: Your flesh is cold resistant. (rC+)
                  | [demonic ancestry]
  3628 | D:3      | Reached XP level 5. HP: 38/41 MP: 5/5
  3666 | D:3      | Found a radiant altar of Vehumet.
  3766 | D:3      | XOM: polymorph orc -> frilled lizard
  3923 | D:3      | XOM: confusion
  3927 | D:3      | XOM: enchant monster (bad)
  3940 | D:3      | HP: 2/41 [something (1)]
  3941 | D:3      | Succumbed to a worker ant's poison

Illustrated notes

Levels and vault maps discovered:
D:1:      wander_arrival_estate, layout_rooms, minmay_misc_feat_tiny
D:2:      layout_basic, grunt_temple_overflow_diamond,
          grunt_dithmenos_smoke_and_mirrors
D:3:      layout_basic, lemuel_crystal_altar, lemuel_crystal_altar,
          gammafunk_ghost_abyssal_escape, uniq_crazy_yiuf_cottage

Skill      XL: |  1  2  3  4  5 |
---------------+----------------+-----
Stealth        | 4 |  4.0
Dodging        | 1 2 3 |  3.0
Fighting       | 3 |  3.5
Throwing       | 2 |  2.5
Short Blades   | |  1.7
Armour         | |  0.1

Action                   |  1- 3 |  4- 6 || total
-------------------------+-------+-------++-------
Melee: Dagger            |    97 |   154 ||   251
Throw: Dart              |    34 |    19 ||    53
  Use: Scroll            |     4 |     1 ||     5
 Stab: Sleeping          |     4 |     6 ||    10
Armor: Robe              |    19 |     9 ||    28
       Leather armour    |       |    39 ||    39
Dodge: Dodged            |    62 |    79 ||   141
